[Event "Titled Tuesday Blitz March 29 Late 2022"]
[White "Paravyan, David"]
[Black "Sjugirov, Sanan"]
[WhiteFideId "4194985"]
[BlackFideId "4189302"]
[WhiteElo "2569"]
[BlackElo "2602"]
[Result "1-0"]
[Round "10"]
[TimeControl "180+1"]
[Date "2022.03.29"]
[WhiteClock "0:01:07"]
[BlackClock "0:00:01"]

1. e4 c5 2. Nf3 d6 3. d4 cxd4 4. Nxd4 Nf6 5. Nc3 a6 6. Bg5 Nc6 7. Qd2 Bd7 8. Nxc6 bxc6 9. Bc4 e6 10. O-O-O Be7 11. Bxf6 gxf6 12. Rhe1 Qc7 13. f4 Rb8 14. f5 h5 15. Bb3 Qa5 16. Kb1 Qe5 17. Ne2 a5 18. fxe6 fxe6 19. Nf4 Rg8 20. Nd3 Qg5 21. Qe2 c5 22. g3 a4 23. Bc4 Rh8 24. a3 Rb6 25. Ka1 Kd8 26. Nf4 Qe5 27. c3 Rg8 28. Nxh5 Kc7 29. Nf4 Rgb8 30. Rd2 Bf8 31. h4 Bh6 32. Qf3 f5 33. Rde2 Bxf4 34. gxf4 Qf6 35. exf5 Qxf5 36. Bxe6 Bxe6 37. Rxe6 Rxb2 38. Re7+ Kb6 39. Kxb2 Ka6+ 40. Ka1 Qc2 41. Qc6+ 1-0


[Site "https://www.chess.com"]

[Event "Titled Tuesday Blitz March 29 Late 2022"]
[White "Petrova, Irina"]
[Black "Song, Guannan Terry"]
[WhiteFideId "14124122"]
[BlackFideId "2614189"]
[WhiteElo "1993"]
[BlackElo "2115"]
[Result "1-0"]
[Round "10"]
[TimeControl "180+1"]
[Date "2022.03.30"]
[WhiteClock "0:00:49"]
[BlackClock "0:00:21"]

1. e4 a6 2. d4 b5 3. a4 Bb7 4. f3 bxa4 5. Bd3 g6 6. Ne2 Bg7 7. Nbc3 Nf6 8. Nxa4 d6 9. Be3 O-O 10. Nac3 Nbd7 11. O-O e5 12. d5 Nh5 13. Qd2 f5 14. Ra4 f4 15. Bf2 g5 16. Rfa1 Qc8 17. Nc1 Nhf6 18. Nb3 g4 19. Qe2 Nb6 20. Ra5 Kh8 21. Bxa6 gxf3 22. gxf3 Rg8 23. Bxb7 Qxb7 24. Rxa8 Rxa8 25. Rxa8+ Qxa8 26. Bh4 Na4 27. Qb5 Qa7+ 28. Kg2 Nxc3 29. bxc3 Qa2 30. Qb8+ Ng8 31. Bf2 Qxc2 32. Na5 Qxc3 33. Nc6 Bf6 34. Qxc7 Qc2 35. Qxd6 Qb2 36. Nd8 Bh4 37. Nf7+ Kg7 38. Qxe5+ Qxe5 39. Nxe5 Nf6 40. Bxh4 Ne8 41. Nc4 Kg6 42. d6 Kh5 43. d7 Kxh4 44. dxe8=Q h5 45. Qe7# 1-0


[Site "https://www.chess.com"]

[Event "Titled Tuesday Blitz March 29 Late 2022"]
[White "Prohorov, Olexandr"]
[Black "Gauri, Shankar"]
[WhiteFideId "14105578"]
[BlackFideId "5041350"]
[WhiteElo "1993"]
[BlackElo "2240"]
[Result "1-0"]
[Round "10"]
[TimeControl "180+1"]
[Date "2022.03.30"]
[WhiteClock "0:00:03"]
[BlackClock "0:00:02"]

1. Nf3 Nf6 2. c4 g6 3. Nc3 Bg7 4. d4 O-O 5. g3 c6 6. Bg2 d6 7. O-O Bf5 8. Nh4 Be6 9. b3 d5 10. Rb1 Nbd7 11. f4 dxc4 12. f5 gxf5 13. bxc4 Bxc4 14. Nxf5 Nb6 15. Ba3 Re8 16. Qd2 Be6 17. Nxg7 Kxg7 18. Bc1 Kh8 19. Ne4 Nxe4 20. Bxe4 Bd5 21. Bxh7 Qd6 22. Bc2 f6 23. e4 Bf7 24. Qh6+ Kg8 25. Rf5 Nc4 26. Kh1 Qxd4 27. Rf4 f5 28. Rxf5 Qg7 29. Rg5 Qxg5 30. Qxg5+ Kh8 31. Qh6+ Kg8 32. e5 Nxe5 33. Bh7+ Kh8 34. Bb2 1-0


[Site "https://www.chess.com"]

[Event "Titled Tuesday Blitz March 29 Late 2022"]
[White "Przybylski, Wojciech"]
[Black "Needleman, Alejandro"]
[WhiteFideId "1117599"]
[BlackFideId "100730"]
[WhiteElo "2133"]
[BlackElo "2266"]
[Result "1/2-1/2"]
[Round "10"]
[TimeControl "180+1"]
[Date "2022.03.30"]
[WhiteClock "0:00:05"]
[BlackClock "0:00:09"]

1. d4 c5 2. dxc5 e6 3. Nf3 Bxc5 4. Nc3 d5 5. e3 Nf6 6. Bd3 O-O 7. O-O Nc6 8. a3 a6 9. b4 Be7 10. Bb2 e5 11. Be2 h6 12. h3 Be6 13. Na4 Nd7 14. Qd2 b5 15. Nc3 Nb6 16. Rad1 Rc8 17. Qc1 Qc7 18. Qa1 f6 19. Nb1 Na4 20. Bc1 Bf5 21. Rd2 Rfd8 22. Ne1 e4 23. f4 exf3 24. Nxf3 Bd6 25. Bd3 Be4 26. Nd4 Be5 27. Bxe4 dxe4 28. c3 Qb6 29. Qa2+ Kh7 30. Qe6 Nxd4 31. Qxb6 Ne2+ 32. Rxe2 Nxb6 33. Bd2 Rd3 34. Rc1 Nc4 35. Kf2 f5 36. g3 Kg6 37. Rc2 Kf6 38. Bc1 g5 39. Nd2 Nxd2 40. Bxd2 Ke6 41. Re1 Kd5 42. Rec1 Kc4 43. Rb1 Rcd8 44. Ke2 Bxg3 45. Rf1 f4 46. exf4 gxf4 47. Bxf4 Bxf4 48. Rxf4 Rxh3 49. Rxe4+ Kb3 50. Rc1 Rg8 51. Re3 Rg2+ 52. Kd3 Rgg3 53. Rxg3 Rxg3+ 54. Kd4 h5 55. Rb1+ Kxa3 56. Ra1+ Kb2 57. Rxa6 Rxc3 58. Rh6 Rc4+ 59. Kd3 h4 60. Rh5 Rxb4 61. Rg5 Ka3 62. Rg1 Rb3+ 63. Kc2 h3 64. Rg8 Kb4 65. Rg4+ Ka3 66. Rg8 h2 67. Ra8+ Kb4 68. Rh8 Ra3 69. Rh4+ Ka5 70. Kb2 Rf3 71. Rxh2 Ka4 72. Rh4+ b4 73. Rh2 Rb3+ 74. Ka2 Rc3 75. Kb2 Re3 76. Rg2 Rf3 77. Rh2 Ra3 78. Rg2 Rb3+ 79. Ka2 Rc3 80. Kb2 Rc4 81. Ka2 b3+ 82. Kb2 Kb4 83. Rh2 Re4 84. Rh8 Re2+ 85. Kb1 Ka3 86. Ra8+ Kb4 87. Rb8+ Kc3 88. Rc8+ Kb4 89. Rb8+ Kc3 90. Rc8+ Kb4 91. Rb8+ 1/2-1/2


[Site "https://www.chess.com"]

[Event "Titled Tuesday Blitz March 29 Late 2022"]
[White "Quintiliano Pinto, Renato R."]
[Black "Sanal, Vahap"]
[WhiteFideId "2117568"]
[BlackFideId "6300545"]
[WhiteElo "2439"]
[BlackElo "2603"]
[Result "1-0"]
[Round "10"]
[TimeControl "180+1"]
[Date "2022.03.29"]
[WhiteClock "0:00:16"]
[BlackClock "0:00:24"]

1. Nf3 d5 2. d4 c6 3. c4 Nf6 4. e3 Bg4 5. Nc3 e6 6. h3 Bh5 7. Qb3 Bxf3 8. Qxb7 Nbd7 9. gxf3 Rb8 10. Qxc6 Bb4 11. Bg2 O-O 12. O-O Rc8 13. Qa6 Rxc4 14. Bd2 Nh5 15. Rfc1 Qg5 16. a3 Bxc3 17. Rxc3 Rxc3 18. Bxc3 Ndf6 19. Bb4 Re8 20. Rc1 h6 21. Qxa7 Qf5 22. Qa6 g5 23. Bd6 Ng7 24. Qe2 Qg6 25. a4 Nf5 26. Be5 Ra8 27. Qc2 h5 28. b4 g4 29. fxg4 hxg4 30. hxg4 Nxg4 31. Qc8+ Kh7 32. Qxa8 Nxe5 33. Qd8 Nf3+ 34. Kf1 Nh2+ 35. Kg1 Nf3+ 36. Kf1 N5h4 37. Bxf3 Nxf3 38. Ke2 Qg4 39. Rh1+ Kg7 40. Qh8+ 1-0


[Site "https://www.chess.com"]

[Event "Titled Tuesday Blitz March 29 Late 2022"]
[White "Rasulov, Vugar"]
[Black "Bortnyk, Olexandr"]
[WhiteFideId "13402390"]
[BlackFideId "14120828"]
[WhiteElo "2560"]
[BlackElo "2723"]
[Result "1/2-1/2"]
[Round "10"]
[TimeControl "180+1"]
[Date "2022.03.29"]
[WhiteClock "0:00:10"]
[BlackClock "0:00:06"]

1. d4 d6 2. Nf3 f5 3. g3 Nf6 4. Bg2 g6 5. O-O Bg7 6. c4 O-O 7. b4 Ne4 8. Bb2 Nd7 9. Qb3 e6 10. Nc3 Ndf6 11. Rad1 Bd7 12. Nxe4 Nxe4 13. Nd2 Nxd2 14. Rxd2 a5 15. b5 a4 16. Qc2 Ra7 17. Bc3 g5 18. Rb1 Be8 19. c5 d5 20. b6 cxb6 21. Rxb6 Bc6 22. Qd3 Ra8 23. Rdb2 Rf7 24. e3 Qf6 25. f4 gxf4 26. exf4 h5 27. Re2 h4 28. Rb1 hxg3 29. hxg3 a3 30. Rbe1 Re7 31. Bf3 Ra4 32. Kf2 Rc4 33. Ba1 Kf8 34. Kg2 Ra4 35. Re3 Kf7 36. Qe2 Rb4 37. Rxa3 Bb5 38. Qd2 Ra4 39. Rxa4 Bxa4 40. Bc3 Bc6 41. Qd3 Kg8 42. Qe3 Re8 43. a3 Re7 44. Bd1 Qg6 45. a4 Kf7 46. a5 Re8 47. Rh1 Rh8 48. Rxh8 Bxh8 49. Qf3 Bf6 50. Qh5 Qxh5 51. Bxh5+ Ke7 52. Be2 Kd7 53. Kf3 Ba4 54. g4 fxg4+ 55. Kxg4 Bc2 56. Kh5 Bd8 57. Kh6 Bc7 58. Bd2 Ke7 59. Kg7 Bf5 60. a6 bxa6 61. Bxa6 Bc2 62. Be2 Ba4 63. Bg4 Bc2 64. Bh3 Bd3 65. c6 Bd6 66. Bg4 Bb5 67. c7 Bxc7 68. Bb4+ Bd6 69. Bxd6+ Kxd6 70. Kf6 Bd7 71. Bh3 Bc8 72. Bg4 Bd7 73. Bh5 Bc8 74. Be8 Bb7 75. Bb5 Bc8 76. Ba4 Ba6 77. Be8 Bd3 78. Bf7 Bf5 79. Bg8 Bg4 80. Bh7 Bh3 81. Bg6 Bg4 82. Kg5 Bh3 83. Bh5 Ke7 84. Bf3 Bf1 85. Bd1 Bd3 86. Bg4 Be4 87. Be2 Bf5 88. Bf3 Bd3 89. Bg2 Bc2 90. Bf3 Bd3 91. Bg4 Be4 92. Be2 Bc2 93. Bf3 Bd3 1/2-1/2


[Site "https://www.chess.com"]

[Event "Titled Tuesday Blitz March 29 Late 2022"]
[White "Reprintsev, Alexander"]
[Black "Dimakiling, Oliver"]
[WhiteFideId "14100541"]
[BlackFideId "5202248"]
[WhiteElo "2108"]
[BlackElo "2426"]
[Result "0-1"]
[Round "10"]
[TimeControl "180+1"]
[Date "2022.03.29"]
[WhiteClock "0:00:20"]
[BlackClock "0:00:11"]

1. e4 g6 2. d4 Bg7 3. Nc3 d6 4. h4 h5 5. Nf3 Bg4 6. Be2 Bxf3 7. gxf3 Nc6 8. Be3 e5 9. Bb5 a6 10. Bxc6+ bxc6 11. Qd2 exd4 12. Bxd4 Bxd4 13. Qxd4 Qf6 14. Qc4 Ne7 15. O-O-O Qxf3 16. e5 d5 17. Qb4 Qf5 18. f4 Qe6 19. Ne2 Nf5 20. Rd3 Qe7 21. Qc3 Qe6 22. Qc5 Rb8 23. a4 Rb6 24. Rg1 Qe7 25. Qc3 Qb4 26. e6 Qxc3 27. exf7+ Kxf7 28. Rxc3 Re8 29. Kd2 Re4 30. b3 Nxh4 31. a5 Rb5 32. Rf1 c5 33. Ng3 Re6 34. f5 Rf6 35. fxg6+ Kxg6 36. Rg1 Nf3+ 37. Rxf3 Rxf3 38. Ne4+ Kh6 39. Nc3 Rxa5 40. Nxd5 Ra2 41. Rg2 h4 42. Nc3 Ra1 43. Ne4 h3 44. Rh2 Rg1 45. Ke2 Rg2+ 46. Kxf3 Rxh2 47. Kg3 Rxc2 48. Kxh3 c4 49. bxc4 Rxc4 50. Nf6 a5 51. Ng8+ Kg7 52. Ne7 a4 53. Nf5+ Kf6 54. Ne3 Rc3 0-1


[Site "https://www.chess.com"]

[Event "Titled Tuesday Blitz March 29 Late 2022"]
[White "Romanchuk, Viktor"]
[Black "Fathy, Elameir"]
[WhiteFideId "14109271"]
[BlackFideId "10600396"]
[WhiteElo "2242"]
[BlackElo "2311"]
[Result "1-0"]
[Round "10"]
[TimeControl "180+1"]
[Date "2022.03.30"]
[WhiteClock "0:00:49"]
[BlackClock "0:00:01"]

1. d4 d5 2. c4 c6 3. Nc3 Nf6 4. e3 e6 5. Nf3 Nbd7 6. Qc2 Bd6 7. b3 b6 8. Bb2 Bb7 9. Be2 O-O 10. O-O Qe7 11. Rad1 Rad8 12. h3 Rfe8 13. Rfe1 h6 14. Bd3 c5 15. cxd5 exd5 16. dxc5 bxc5 17. Bb5 Rf8 18. Ne2 Ne4 19. Nf4 Nb6 20. Bf1 Qc7 21. g3 Rfe8 22. Bg2 c4 23. Nd4 c3 24. Nb5 Qb8 25. Bxe4 cxb2 26. Bg2 Bxf4 27. gxf4 a6 28. Nd4 Rc8 29. Qxb2 Nd7 30. Rc1 Nf6 31. Rxc8 Rd8 32. Rec1 Rxc8 33. Nf5 Rxc1+ 34. Qxc1 Kh7 35. Qc2 g6 36. Qb2 1-0


[Site "https://www.chess.com"]

[Event "Titled Tuesday Blitz March 29 Late 2022"]
[White "Romero Ruscalleda, Josep"]
[Black "Almedina Ortiz, Edgardo J."]
[WhiteFideId "2231859"]
[BlackFideId "3100197"]
[WhiteElo "2332"]
[BlackElo "2217"]
[Result "0-1"]
[Round "10"]
[TimeControl "180+1"]
[Date "2022.03.30"]
[WhiteClock "0:00:58"]
[BlackClock "0:01:16"]

1. e4 e5 2. Nf3 Nc6 3. Bc4 Bc5 4. c3 Nf6 5. d3 a5 6. a4 d6 7. Nbd2 O-O 8. Nf1 Be6 9. Be3 Bxc4 10. dxc4 Nxe4 11. Ng3 Nxg3 12. hxg3 Bxe3 13. fxe3 h6 14. e4 Qf6 15. Qd2 Qg6 16. O-O-O Qxe4 17. Rh4 Qg6 18. Rdh1 Ne7 19. g4 f6 20. Qe3 b6 21. Rh5 Rad8 22. R1h4 c5 23. g5 fxg5 24. Nxg5 Nf5 25. Qd3 Nxh4 26. Qd5+ Kh8 0-1


[Site "https://www.chess.com"]

[Event "Titled Tuesday Blitz March 29 Late 2022"]
[White "Rosen, Eric"]
[Black "Pourkashiyan, Atousa"]
[WhiteFideId "2032562"]
[BlackFideId "12502014"]
[WhiteElo "2362"]
[BlackElo "2247"]
[Result "1-0"]
[Round "10"]
[TimeControl "180+1"]
[Date "2022.03.30"]
[WhiteClock "0:00:23"]
[BlackClock "0:00:11"]

1. d4 Nf6 2. Bf4 d5 3. e3 c5 4. Nf3 Nc6 5. Nbd2 Bf5 6. dxc5 e6 7. Nd4 Bxc5 8. Nxf5 exf5 9. Bd3 Ne4 10. c3 O-O 11. O-O g6 12. Nb3 Bd6 13. Bxe4 fxe4 14. Qxd5 Bxf4 15. Qxd8 Bxh2+ 16. Kxh2 Rfxd8 17. Rad1 b6 18. Kg3 f5 19. Kf4 Kf7 20. g4 fxg4 21. Kxe4 h5 22. Nd4 Nxd4 23. cxd4 Kf6 24. Rc1 Rac8 25. a4 g5 26. Rh1 h4 27. Rhg1 h3 28. Rcf1 Re8+ 29. Kd3 Kf5 30. f3 gxf3 31. Rxf3+ Kg6 32. Rxh3 Rcd8 33. Rhg3 Rd5 34. e4 Ra5 35. b3 Rg8 36. b4 Rxa4 37. Rxg5+ 1-0


[Site "https://www.chess.com"]

[Event "Titled Tuesday Blitz March 29 Late 2022"]
[White "Rustemov, Alexander"]
[Black "Nazari, Arad"]
[WhiteFideId "4119002"]
[BlackFideId "12577324"]
[WhiteElo "2780"]
[BlackElo "2120"]
[Result "1/2-1/2"]
[Round "10"]
[TimeControl "180+1"]
[Date "2022.03.29"]
[WhiteClock "0:00:14"]
[BlackClock "0:00:28"]

1. d4 Nf6 2. c4 g6 3. Nf3 Bg7 4. g3 O-O 5. Bg2 c6 6. Nc3 d5 7. Qb3 dxc4 8. Qxc4 Be6 9. Qa4 b5 10. Qc2 Nbd7 11. O-O h6 12. Bf4 Rc8 13. Rfd1 Nd5 14. Nxd5 cxd5 15. Qd2 Nb6 16. b3 Kh7 17. Rac1 Qd7 18. Ne5 Bxe5 19. dxe5 h5 20. Be3 Rxc1 21. Rxc1 Rc8 22. Bd4 Rxc1+ 23. Qxc1 Qb7 24. Qc5 Qa6 25. Qc2 Bf5 26. Qd2 e6 27. h3 Bb1 28. Qf4 Kg8 29. Qf6 Qc8 30. a3 Bc2 31. b4 Qd7 32. Bf3 Nc4 33. g4 hxg4 34. Bxg4 a6 35. h4 Qe8 36. Bc5 Bf5 37. Bf3 Be4 38. Bg4 Bf5 39. Bxf5 exf5 40. Be7 Qc8 41. h5 Qe6 42. Qg5 Nxe5 43. Bf6 Nd7 44. Bd4 f4 45. Qd8+ Nf8 46. Bc5 Qg4+ 47. Kf1 Qh3+ 48. Ke1 Qc3+ 49. Kd1 Qb3+ 50. Kd2 Qa2+ 51. Kd1 Qb3+ 52. Kd2 Qa2+ 53. Kd1 Qb3+ 1/2-1/2


[Site "https://www.chess.com"]

[Event "Titled Tuesday Blitz March 29 Late 2022"]
[White "Sarana, Alexey"]
[Black "Indjic, Aleksandar"]
[WhiteFideId "24133795"]
[BlackFideId "911925"]
[WhiteElo "2666"]
[BlackElo "2616"]
[Result "1-0"]
[Round "10"]
[TimeControl "180+1"]
[Date "2022.03.29"]
[WhiteClock "0:00:15"]
[BlackClock "0:00:07"]

1. d4 d5 2. c4 e6 3. Nc3 a6 4. cxd5 exd5 5. Nf3 c6 6. Bf4 Bd6 7. Bxd6 Qxd6 8. e3 Ne7 9. Bd3 Bf5 10. O-O O-O 11. Rb1 Nd7 12. h3 Bg6 13. Qc2 Bxd3 14. Qxd3 Qg6 15. Qxg6 hxg6 16. b3 Nf5 17. Rfc1 Nd6 18. Na4 Rfe8 19. Ne1 f6 20. h4 Kf7 21. g3 g5 22. hxg5 fxg5 23. Nd3 Kf6 24. Nac5 Nxc5 25. Nxc5 Re7 26. Kg2 Ne4 27. Nd3 Rf8 28. Rh1 Ke6 29. f3 Nd2 30. Rb2 Nxf3 31. Rf2 g4 32. Rh5 Ref7 33. Re2 Kd6 34. Rh7 b6 35. b4 a5 36. bxa5 bxa5 37. Rh1 Rb8 38. Nf2 Re8 39. Rd1 Ng5 40. Nxg4 Ne4 41. Ne5 Rf6 42. Rc1 c5 43. Rb2 c4 44. Rcb1 Ke6 45. g4 Ref8 46. Rb6+ Nd6 47. Rc6 Rf2+ 48. Kg3 Rxa2 49. Rbb6 Rd8 50. Rc7 g5 51. Rg7 Kf6 52. Rg6+ Ke7 53. Nc6+ Kf7 54. Nxd8+ Kxg6 55. Rxd6+ Kg7 56. Rxd5 c3 57. Rc5 c2 58. Nc6 a4 59. Nb4 c1=Q 60. Rxc1 Ra3 61. Kf3 Rb3 62. Rc7+ Kg6 63. Nd5 a3 64. Rc6+ Kg7 65. Ra6 Kf7 66. Ke4 Kg7 67. Ne7 Kf7 68. Nf5 Rc3 69. Ke5 Rb3 70. e4 Rf3 71. d5 Rd3 72. Ra7+ Ke8 73. Ke6 Kd8 74. d6 Kc8 75. Ne7+ Kb8 76. Nc6+ Kc8 77. Rc7# 1-0


[Site "https://www.chess.com"]

[Event "Titled Tuesday Blitz March 29 Late 2022"]
[White "Shimanov, Aleksandr"]
[Black "Oganian, Miran"]
[WhiteFideId "4198603"]
[BlackFideId "4122488"]
[WhiteElo "2636"]
[BlackElo "2357"]
[Result "1-0"]
[Round "10"]
[TimeControl "180+1"]
[Date "2022.03.29"]
[WhiteClock "0:01:28"]
[BlackClock "0:00:46"]

1. d4 e6 2. Bf4 d5 3. Nc3 Nf6 4. Nb5 Na6 5. e3 Ne4 6. f3 Nd6 7. a4 Be7 8. Bd3 O-O 9. Ne2 Nb4 10. O-O Nxd3 11. cxd3 Bd7 12. Nxd6 Bxd6 13. Bxd6 cxd6 14. a5 Rc8 15. Qd2 e5 16. Rac1 Qe7 17. Qb4 Bf5 18. e4 Bg6 19. Nc3 dxe4 20. Nd5 Qe6 21. dxe4 exd4 22. Qxb7 Rb8 23. Qxa7 Rxb2 24. Qxd4 Rfb8 25. a6 Ra2 26. Ra1 Rbb2 27. Qxb2 Rxb2 28. a7 1-0


[Site "https://www.chess.com"]

[Event "Titled Tuesday Blitz March 29 Late 2022"]
[White "Shton, Roman"]
[Black "Lehtosaari, Mauri"]
[WhiteFideId "14137461"]
[BlackFideId "501999"]
[WhiteElo "2013"]
[BlackElo "2494"]
[Result "0-1"]
[Round "10"]
[TimeControl "180+1"]
[Date "2022.03.30"]
[WhiteClock "0:01:20"]
[BlackClock "0:01:09"]

1. d4 d5 2. Nf3 Nf6 3. g3 Bg4 4. Bg2 c6 5. h3 Bh5 6. c4 e6 7. Qb3 Qb6 8. c5 Qxb3 9. axb3 Nbd7 10. Nc3 a6 11. b4 Rc8 12. g4 Bg6 13. Bf4 Be7 14. Nd2 O-O 15. Nb3 Bd8 16. Bd6 Re8 17. f4 Bc7 18. Bxc7 Rxc7 19. Na5 h6 20. e3 Nh7 21. Kd2 f6 22. Na4 Nhf8 23. Nc3 e5 24. Bxd5+ cxd5 25. Nxd5 Rcc8 26. Nxb7 exd4 27. Nd6 dxe3+ 28. Nxe3 Rb8 29. Nxe8 Bxe8 30. Nc2 Ne6 31. Rxa6 Nxf4 32. c6 Ne5 33. Nd4 Rxb4 34. Kc3 Rc4+ 35. Kb3 Rxd4 36. Ra8 Nxc6 37. Rxe8+ Kf7 38. Rhe1 Ne5 39. Ra8 Rd3+ 40. Kc2 Rxh3 41. b4 Nd5 42. b5 Rc3+ 43. Kb2 Nd3+ 44. Ka2 Nxe1 45. Rd8 Nb6 46. Rd6 Nc8 47. Rd1 Nf3 48. Rb1 Nb6 49. Ka1 Ne5 50. g5 hxg5 51. Rf1 g4 52. Ka2 Rc5 53. Ka3 Rxb5 54. Ka2 g6 55. Ka3 f5 56. Ka2 g3 57. Ka3 Kf6 58. Ka2 g5 0-1


[Site "https://www.chess.com"]

[Event "Titled Tuesday Blitz March 29 Late 2022"]
[White "Sliwicki, Damian"]
[Black "Chernobay, Artem"]
[WhiteFideId "1127128"]
[BlackFideId "4167406"]
[WhiteElo "2067"]
[BlackElo "2473"]
[Result "0-1"]
[Round "10"]
[TimeControl "180+1"]
[Date "2022.03.30"]
[WhiteClock "0:00:07"]
[BlackClock "0:00:04"]

1. e4 c5 2. Nf3 d6 3. d4 cxd4 4. Qxd4 Nc6 5. Bb5 Bd7 6. Bxc6 Bxc6 7. Nc3 Nf6 8. Bg5 e6 9. O-O-O Be7 10. Rhe1 O-O 11. Kb1 h6 12. h4 hxg5 13. hxg5 Nh7 14. Rh1 Bxg5 15. g4 Qf6 16. Qd3 Bf4 17. Rdg1 Ng5 18. Nxg5 Qxg5 19. Rh5 Qg6 20. Ne2 Bxe4 21. Qh3 Bxc2+ 22. Ka1 Bh6 23. g5 Bf5 24. Qh4 Rfc8 25. a3 Rc4 26. f4 Kf8 27. gxh6 Qf6 28. hxg7+ Ke7 29. Qxf6+ Kxf6 30. Rh8 Rcc8 31. Rxc8 Rxc8 32. g8=Q Rxg8 33. Rxg8 d5 34. Nd4 Bd3 35. Nf3 Kf5 36. Ne5 Be4 37. Rg7 f6 38. Nd7 Kxf4 39. Nxf6 Bf5 40. Rxb7 d4 41. Rxa7 d3 42. Rd7 Ke3 43. b4 d2 44. b5 Bd3 45. Ng4+ Ke2 46. Nf2 Bxb5 47. Kb2 Bxd7 48. Kc3 e5 49. a4 Bxa4 50. Kb4 Kxf2 51. Kxa4 d1=Q+ 52. Kb5 Qd2 0-1


[Site "https://www.chess.com"]

[Event "Titled Tuesday Blitz March 29 Late 2022"]
[White "Smirnov, Pavel"]
[Black "Kosakowski, Jakub"]
[WhiteFideId "4123425"]
[BlackFideId "1185080"]
[WhiteElo "2545"]
[BlackElo "2476"]
[Result "0-1"]
[Round "10"]
[TimeControl "180+1"]
[Date "2022.03.29"]
[WhiteClock "0:00:14"]
[BlackClock "0:00:18"]

1. e4 c5 2. c3 d5 3. exd5 Qxd5 4. d4 Nf6 5. Nf3 Bg4 6. dxc5 Qxd1+ 7. Kxd1 e5 8. b4 e4 9. h3 exf3 10. hxg4 Nxg4 11. Rh4 h5 12. Ke1 Be7 13. Rh3 fxg2 14. Bxg2 Nc6 15. Nd2 O-O-O 16. Nc4 Rhe8 17. Be3 Bf6 18. Rc1 Nce5 19. Nxe5 Bxe5 20. Ke2 g6 21. c6 bxc6 22. Bxc6 Re6 23. b5 Bf4 24. c4 f5 25. Bd5 Re7 26. a4 Bxe3 27. fxe3 f4 28. e4 Nf6 29. Kf3 g5 30. Rhh1 Rf8 31. a5 g4+ 32. Kg2 Nxe4 33. Rxh5 f3+ 34. Kg1 g3 35. b6 axb6 36. axb6 Nc3 37. b7+ Kb8 38. Ra1 Nxd5 39. cxd5 Re1+ 40. Rxe1 f2+ 41. Kf1 g2+ 42. Ke2 f1=Q+ 0-1


[Site "https://www.chess.com"]

[Event "Titled Tuesday Blitz March 29 Late 2022"]
[White "Stanisz, Patryk"]
[Black "Kostiukov, Alexandr"]
[WhiteFideId "1123106"]
[BlackFideId "14108100"]
[WhiteElo "1876"]
[BlackElo "2202"]
[Result "1-0"]
[Round "10"]
[TimeControl "180+1"]
[Date "2022.03.30"]
[WhiteClock "0:00:05"]
[BlackClock "0:00:04"]

1. f4 c5 2. Nf3 g6 3. g3 Bg7 4. Bg2 Nc6 5. O-O Nf6 6. d3 O-O 7. c3 d5 8. Nbd2 d4 9. c4 Bg4 10. h3 Bxf3 11. Nxf3 Qc7 12. Rb1 Nh5 13. Qe1 e5 14. Ng5 exf4 15. gxf4 Rae8 16. Qf2 f5 17. Bd5+ Kh8 18. Ne6 Rf6 19. Nxc7 Re7 20. Nb5 a6 21. Na3 Nb4 22. Bg2 Nxa2 23. Bd2 Nb4 24. Bxb4 cxb4 25. Nc2 Rfe6 26. Nxd4 Re3 27. Nb3 a5 28. Be4 Rg3+ 29. Bg2 Rge3 30. Kh2 Rxe2 31. Qc5 a4 32. Na5 R2e6 33. Qxb4 b6 34. Nc6 Rd7 35. Rbe1 Nxf4 36. Rxe6 Nxe6 37. Re1 Bf8 38. Qxb6 Bd6+ 39. Kh1 Nf4 40. Re8+ Kg7 41. Qd4+ Kh6 42. Ne5 Rb7 43. Qxf4+ Kg7 44. Qd4 Kh6 45. Nf3 Bg3 46. Qe3+ f4 47. Qe2 a3 48. Bf1 axb2 49. Nd2 Ra7 50. Nb1 Ra1 51. Qc2 Ra5 52. Kg2 Rh5 53. Re4 Rf5 54. Qxb2 g5 55. Be2 Kg6 56. Bg4 Rf6 57. Rd4 h5 58. Bxh5+ Kxh5 59. Qe2+ Kg6 60. Qe8+ Kf5 61. Qe4# 1-0


[Site "https://www.chess.com"]

[Event "Titled Tuesday Blitz March 29 Late 2022"]
[White "Szente Varga, Fruzsina"]
[Black "Karavaeva, Olga"]
[WhiteFideId "712264"]
[BlackFideId "4124111"]
[WhiteElo "1994"]
[BlackElo "2105"]
[Result "1-0"]
[Round "10"]
[TimeControl "180+1"]
[Date "2022.03.30"]
[WhiteClock "0:01:27"]
[BlackClock "0:00:47"]

1. e4 c5 2. Nf3 e6 3. b3 Nf6 4. e5 Nd5 5. Bb2 d6 6. exd6 Qxd6 7. Bb5+ Bd7 8. Bxd7+ Nxd7 9. O-O O-O-O 10. d3 h5 11. Nbd2 h4 12. h3 f5 13. Nc4 Qc7 14. Ng5 Rh6 15. Nf7 Rg6 16. Nxd8 Kxd8 17. Qh5 Nf4 18. Qxh4+ Be7 19. Qh8+ Nf8 20. Be5 Qc6 21. f3 Rxg2+ 22. Kh1 Ng6 23. Qh5 Rxc2 24. Rad1 Rxa2 25. Bxg7 Qc7 26. f4 Nxf4 27. Qf3 Nh5 28. Be5 Qc6 29. Qxc6 bxc6 30. Ra1 Rxa1 31. Rxa1 Nd7 32. Rxa7 Bg5 33. Bd6 f4 34. Ra8+ 1-0


[Site "https://www.chess.com"]

[Event "Titled Tuesday Blitz March 29 Late 2022"]
[White "Taichman, Ori"]
[Black "Rorrer, Grayson"]
[WhiteFideId "2804069"]
[BlackFideId "30944996"]
[WhiteElo "2227"]
[BlackElo "2122"]
[Result "1-0"]
[Round "10"]
[TimeControl "180+1"]
[Date "2022.03.29"]
[WhiteClock "0:00:22"]
[BlackClock "0:00:11"]

1. e4 e5 2. d4 exd4 3. Qxd4 Nc6 4. Qe3 Nf6 5. Nc3 Bb4 6. Bd2 O-O 7. O-O-O Re8 8. Qg3 d6 9. f3 a5 10. Nge2 Ne5 11. Bg5 h6 12. h4 Kh8 13. f4 Ned7 14. e5 hxg5 15. exf6 g4 16. fxg7+ Kg8 17. h5 Kxg7 18. Qxg4+ Kh8 19. h6 Rg8 20. Qh5 Rg6 21. Ne4 Qe7 22. f5 Rg8 23. h7 Rg7 24. Qh6 f6 25. Nf4 Nf8 26. Nxf6 Bxf5 27. N4h5 Rg6 28. Qf4 Qe5 29. Qc4 Be6 30. Qh4 Qg5+ 31. Qxg5 Rxg5 32. Kb1 a4 33. a3 Bc5 34. Bd3 Bf5 35. Bxf5 Rxf5 36. g4 Rg5 37. Rde1 d5 38. Nf4 c6 39. Ne6 Nxe6 40. Rxe6 Bd4 41. Re8+ Rxe8 42. Nxe8 Rxg4 43. Nd6 Rf4 44. Nxb7 Rf7 45. Nd8 Rc7 46. Ne6 Rxh7 47. Rxh7+ Kxh7 48. Nxd4 c5 49. Ne6 c4 50. Nf4 d4 51. Ne6 d3 52. cxd3 cxd3 53. Kc1 Kg6 54. Kd2 Kf5 55. Nc5 Ke5 56. Nxd3+ Kd4 57. Kc2 Kc4 58. Nc1 Kd4 59. Na2 Kc4 60. Nc3 Kc5 61. Nxa4+ Kb5 62. Nc3+ Ka5 63. b4+ Ka6 1-0


[Site "https://www.chess.com"]

[Event "Titled Tuesday Blitz March 29 Late 2022"]
[White "Tanenbaum, Zachary"]
[Black "Cardoso Cardoso, Jose Gabriel"]
[WhiteFideId "2060850"]
[BlackFideId "4430492"]
[WhiteElo "2168"]
[BlackElo "2451"]
[Result "0-1"]
[Round "10"]
[TimeControl "180+1"]
[Date "2022.03.29"]
[WhiteClock "0:00:34"]
[BlackClock "0:00:25"]

1. e4 e5 2. Nf3 Nc6 3. Bc4 Nf6 4. d3 Bc5 5. c3 a5 6. a4 d6 7. Nbd2 O-O 8. Nf1 Ng4 9. Ne3 Kh8 10. O-O f5 11. Nxf5 Bxf5 12. exf5 d5 13. Bb5 Rxf5 14. d4 exd4 15. Bxc6 bxc6 16. Nxd4 Qh4 17. h3 Nxf2 18. Qe2 Nxh3+ 19. gxh3 Qg3+ 20. Kh1 Qxh3+ 21. Kg1 Qg3+ 22. Kh1 Bxd4 23. Rxf5 Qg1# 0-1


[Site "https://www.chess.com"]

[Event "Titled Tuesday Blitz March 29 Late 2022"]
[White "Terletsky, Oleg"]
[Black "Bachmann, Axel"]
[WhiteFideId "14116774"]
[BlackFideId "3700488"]
[WhiteElo "2064"]
[BlackElo "2587"]
[Result "1-0"]
[Round "10"]
[TimeControl "180+1"]
[Date "2022.03.30"]
[WhiteClock "0:00:10"]
[BlackClock "0:00:08"]

1. e4 c5 2. Nf3 d6 3. d4 cxd4 4. Nxd4 Nf6 5. Nc3 a6 6. Bc4 e6 7. O-O b5 8. Bb3 Nbd7 9. Re1 Nc5 10. Bd5 Bb7 11. Bxb7 Nxb7 12. b4 Be7 13. a4 bxa4 14. Nxa4 O-O 15. Bb2 d5 16. exd5 Qxd5 17. Nb6 Qd6 18. Nxa8 Rxa8 19. b5 Nc5 20. Nc6 Nd5 21. c4 Nb6 22. Qxd6 Bxd6 23. Red1 Nxc4 24. Bc3 Bf8 25. bxa6 Nb3 26. Ra4 Nb6 27. Ra2 Nc5 28. a7 Ne4 29. Bb4 Nd5 30. Bxf8 Kxf8 31. Rb1 Ke8 32. Rb8+ Kd7 33. Rxa8 Kxc6 34. Rb8 Nc7 35. Rc8 Nd6 36. Rxc7+ Kxc7 37. a8=Q Kd7 38. Qa7+ Kc6 39. Rc2+ Kd5 40. Rd2+ Ke5 41. Qe3+ Ne4 42. f3 f5 43. fxe4 fxe4 44. Qd4+ Kf5 45. Rf2+ Kg6 46. Qxe4+ Kh6 47. Qf4+ g5 48. Qf6+ Kh5 49. g4+ Kh4 50. Qh6+ Kxg4 51. Kg2 e5 52. h3# 1-0


[Site "https://www.chess.com"]